 Dungeon Crawl Stone Soup version 0.26-a0-639-g72c4674329 (webtiles) character file.

Game seed: 7306669948297144945

31332 Apogee the Thaumaturge (level 13, -2/79 HPs)
             Began as a Deep Elf Fire Elementalist on Sept 18, 2020.
             Was a High Priest of Vehumet.
             Killed from afar by a catoblepas (12 damage)
             ... with a blast of calcifying dust
             ... on level 5 of the Lair of Beasts.
             The game lasted 00:50:21 (23633 turns).

Apogee the Thaumaturge (DEFE)                      Turns: 23633, Time: 00:50:22

Health: -2/79      AC:  5    Str: 11    XL:     13   Next: 25%
Magic:  17/31      EV: 19    Int: 30    God:    Vehumet [*****.]
Gold:   1084       SH: 10    Dex: 15    Spells: 9/36 levels left

rFire    . . .     SeeInvis .   x - +0 rapier "Killer Klown's Peril" {flame, rElec rN+ MR+++ Int-2}
rCold    . . .     Faith    .   v - +0 buckler
rNeg     + . .     Spirit   .   g - +0 robe
rPois    .         Reflect  +   O - +1 hat
rElec    +         Harm     .   (no cloak)
rCorr    .         Rampage  .   q - +0 pair of gloves
MR       ++++.                  w - +0 pair of boots
Stlth    ++........             y - amulet of reflection
HPRegen  0.23/turn              a - +6 ring of strength
MPRegen  0.22/turn              A - +6 ring of intelligence

@: no status effects
A: no striking features
a: Renounce Religion


You were on level 5 of the Lair of Beasts.
You worshipped Vehumet.
Vehumet was extremely pleased with you.
You visited 3 branches of the dungeon, and saw 19 of its levels.
You also visited: Sewer and Ice Cave.

You collected 1084 gold pieces.

Inventory:

Hand Weapons
 k - the +1 war axe "Qismit" {vorpal, Str+2 Dex+5 Stlth-}
   (You found it on level 11 of the Dungeon)

   It inflicts extra damage upon your enemies.
   It affects your strength (+2).
   It affects your dexterity (+5).
   It makes you less stealthy.
 x - the +0 rapier "Killer Klown's Peril" (weapon) {flame, rElec rN+ MR+++ Int-2}
   (You found it on level 11 of the Dungeon)

   It has been specially enchanted to burn those struck by it, causing extra
   injury to most foes and up to half again as much damage against particularly
   susceptible opponents.
   It affects your intelligence (-2).
   It insulates you from electricity.
   It protects you from negative energy.
   It affects your resistance to hostile enchantments.
 H - the +7 quarterstaff "Hemecw" {flame, MP+9}
   (You found it on level 2 of the Lair of Beasts)

   It has been specially enchanted to burn those struck by it, causing extra
   injury to most foes and up to half again as much damage against particularly
   susceptible opponents.
   It affects your magic capacity (+9).
 J - a +2 dagger of speed
   (You took it off an orc on level 8 of the Dungeon)
Missiles
 c - 5 throwing nets {!f}
 F - 356 stones (quivered)
Armour
 e - a +2 tower shield of cold resistance
   (You found it in an ice cave)
 g - a +0 robe (worn)
   (You found it on level 1 of the Dungeon)
 i - a +2 hat of magic resistance
   (You found it in an ice cave)
 q - a +0 pair of gloves (worn)
   (You found it on level 2 of the Dungeon)
 v - a +0 buckler (worn)
   (You took it off a gnoll sergeant on level 11 of the Dungeon)
 w - a +0 pair of boots (worn)
   (You found it on level 1 of the Lair of Beasts)
 O - a +1 hat (worn)
   (You found it on level 4 of the Dungeon)
Jewellery
 a - a +6 ring of strength (left hand)
   (You found it on level 3 of the Lair of Beasts)
 y - an amulet of reflection (around neck)
   (You found it on level 5 of the Dungeon)
 A - a +6 ring of intelligence (right hand)
   (You found it on level 5 of the Dungeon)
Wands
 u - a wand of paralysis (16)
   (You took it off an orc on level 9 of the Dungeon)
 P - a wand of polymorph (14)
   (You found it on level 9 of the Dungeon)
Scrolls
 b - 6 scrolls of remove curse {@r2}
 f - a scroll of teleportation {@r4}
 j - 4 scrolls of fear
 m - 4 scrolls of amnesia {unknown}
 r - 2 scrolls of enchant armour {unknown}
 C - 2 scrolls of blinking {unknown}
 M - 3 scrolls of holy word {unknown}
 N - 5 scrolls of magic mapping
 R - a scroll of enchant weapon {unknown}
Potions
 d - 3 potions of ambrosia
 h - 5 potions of lignification {!q}
 l - 6 potions of curing {@q1}
 n - 2 potions of berserk rage {unknown}
 o - 10 potions of flight
 p - 2 potions of haste {@q3}
 s - 6 potions of stabbing
 z - 4 potions of magic
 B - 4 potions of heal wounds {@q2}
 D - 9 potions of might
 E - a potion of resistance
 G - 4 potions of mutation {unknown}
 Q - 2 potions of brilliance


   Skills:
 + Level 8.4 Fighting
 + Level 2.2 Armour
 - Level 10.0 Dodging
 - Level 2.4 Stealth
 - Level 5.0 Shields
 - Level 12.0 Spellcasting
 - Level 10.0 Conjurations
 - Level 4.0 Hexes
 - Level 10.0 Fire Magic
 - Level 8.0 Earth Magic
 - Level 3.2 Poison Magic
 + Level 3.0 Evocations


You had 9 spell levels left.
You knew the following spells:

 Your Spells              Type           Power        Failure   Level
a - Foxfire               Conj/Fire      ####         1%          1
b - Iron Shot             Conj/Erth      ######....   3%          6
c - Stone Arrow           Conj/Erth      ######       1%          3
q - Sticky Flame          Conj/Fire      ######..     1%          4
x - Fireball              Conj/Fire      ######....   1%          5
y - Olgreb's Toxic Radia  Pois           #####...     2%          4
z - Fulminant Prism       Conj/Hex       ######....   1%          4

Your spell library contained the following spells:

 Spells                   Type           Power        Failure   Level
 Conjure Ball Lightning   Conj/Air       #####.....   16%         6
 Sting                    Tmut/Pois      ####         1%          1
 Conjure Flame            Conj/Fire      ######..     1%          3
 Ignite Poison            Fire/Tmut/Pois #####...     1%          3
 Inner Flame              Hex/Fire       ######..     1%          3
 Mephitic Cloud           Conj/Pois/Air  #####...     1%          3
 Bolt of Magma            Conj/Fire/Erth ######....   1%          5
 Starburst                Conj/Fire      ######....   1%          6
 Alistair's Intoxication  Tmut/Pois      ####.....    38%         5
 Ignition                 Fire           ######....   58%         8


Dungeon Overview and Level Annotations

Branches:
Dungeon (13/15)            Temple (1/1) D:4            Lair (6/6) D:9
 Shoals (0/4) Lair:2       Spider (0/4) Lair:2          Orc (0/2) D:11
  Sewer (visited)           IceCv (visited)
  Slime: Lair:5-6    Vaults: D:13-14

Altars:
Dithmenos
Elyvilon
Fedhas
Gozag
Hepliaklqana
Makhleb
Ru
Sif Muna
Trog
Vehumet
Wu Jian
Xom
Yredelemnul
Zin
The Shining One

Shops:
D:9 :

Annotations:
D:13 Josephine


Message History

The black mamba bites you!
You are poisoned.
The black mamba poisons you!
You completely miss the black mamba.
You feel sick.
The black mamba burns!
The black mamba closely misses you. x2
Unknown command.
You hit the black mamba. You burn the black mamba.
You feel sick.
The black mamba burns!
You kill the black mamba!
Vehumet accepts your kill.
You feel your power returning.
Your Evocations skill increases to level 3!
Unknown command.
You start resting.
You feel sick. x18
You are no longer poisoned.
You start resting.
You start resting.
You can't go down here!
You climb upwards.
The catoblepas breathes a plume of calcifying dust at you.
The blast of calcifying dust hits you.
There is a stone staircase leading down here.
Aim: a catoblepas
Okay, then.
Aim: a catoblepas The iron shot hits the catoblepas!
Aim: a catoblepas (moderately wounded)
The sticky flame hits the catoblepas.
The catoblepas is covered in liquid flames!
The catoblepas burns!
The catoblepas breathes a plume of calcifying dust at you.
The blast of calcifying dust hits you.
The catoblepas burns!
The catoblepas gores you!!
Unknown command.
The catoblepas burns!
Aim: a catoblepas (moderately wounded, covered in liquid flames)
The iron shot hits the catoblepas!!
The catoblepas burns!
The catoblepas gores you!!
* * * LOW HITPOINT WARNING * * *
Aim: a catoblepas (severely wounded, covered in liquid flames)
Okay, then.
The catoblepas burns!
The catoblepas burns!
The catoblepas burns!
The catoblepas stops burning.
The catoblepas breathes a plume of calcifying dust at you.
The blast of calcifying dust hits you.
* * * LOW HITPOINT WARNING * * *
The catoblepas breathes a plume of calcifying dust at you.
The blast of calcifying dust hits you!
You die...

......#..PPP.#...... .
....................
.....................
. ....................
..
..................^#..
.#...#.........P#.P.#
........#...P...#.PP#
.......>....Y§§§§§§#
....!.........§@...#
[....[.............#
....?...............#
...................##
...................#
.....................
.....................
..............


You could see a catoblepas.

Vanquished Creatures
  A frost giant (IceCv)
  Harold (D:11)
  2 hydras
  3 two-headed ogres
  5 ugly things
  A cyclops (D:10)
  A black mamba (Lair:6)
  2 manticores
  4 cane toads
  A torpor snail (Lair:2)
  2 ice statues (IceCv)
  Psyche (D:11)
  A komodo dragon (Lair:6)
  14 polar bears (IceCv)
  A troll (D:11)
  A slime creature (D:8)
  9 blink frogs (Lair:2)
  5 hippogriffs
  19 yaks
  A shadow (D:11)
  A basilisk (Lair:2)
  Grum (D:11)
  2 vampire mosquitoes (D:11)
  Menkaure (D:7)
  5 water moccasins
  4 porcupines
  6 orc warriors
  2 black bears (D:8)
  12 ice beasts
  2 sky beasts
  2 necrophages
  5 phantoms
  9 ogres
  3 centaurs
  13 wolves
  9 crocodiles
  7 big kobolds
  13 bullfrogs
  3 gnoll sergeants (D:11)
  7 scorpions
  5 wights
  11 killer bees
  7 howler monkeys
  2 jellies
  An electric eel (D:9)
  A bullfrog zombie (D:10)
  3 quasits
  4 hounds
  2 bullfrog skeletons (D:6)
  5 orc priests
  A centaur skeleton (D:9)
  8 orc wizards
  Terence (D:2)
  7 worker ants
  A hound zombie (D:6)
  3 hound skeletons
  10 gnolls
  14 adders
  12 river rats
  4 shadow imps
  A white imp (D:6)
  An ufetubus (D:10)
  An ooze (D:3)
  An adder skeleton (D:4)
  A worm (D:4)
  5 leopard geckos
  52 orcs
  12 bats
  4 giant cockroaches
  2 goblins
  5 hobgoblins
  10 jackals
  2 quokkas
  9 ball pythons
  4 frilled lizards
  A jackal skeleton (D:6)
  24 kobolds
  22 rats
441 creatures vanquished.

Vanquished Creatures (others)
  543 foxfires
  6 fulminant prisms
  42 fungi
  25 plants
616 creatures vanquished.

Grand Total: 1057 creatures vanquished

Notes
Turn   | Place    | Note
-------+----------+-------------------------------------------
     0 | D:1      | Apogee the Deep Elf Fire Elementalist began the quest for
                  | the Orb.
     0 | D:1      | Reached XP level 1. HP: 10/10 MP: 6/6
    34 | D:1      | Reached XP level 2. HP: 15/15 MP: 2/8
  1193 | D:2      | Reached XP level 3. HP: 18/19 MP: 5/10
  1493 | D:2      | Noticed Terence
  1501 | D:2      | Killed Terence
  1501 | D:2      | Reached skill level 4 in Spellcasting
  1677 | D:2      | Reached XP level 4. HP: 24/24 MP: 10/12
  1703 | D:2      | Learned a level 4 spell: Sticky Flame
  2204 | D:2      | Reached XP level 5. HP: 6/28 MP: 1/14
  2455 | D:2      | Learned a level 5 spell: Fireball
  3380 | D:4      | Found a staircase to the Ecumenical Temple.
  3388 | Temple   | Entered the Ecumenical Temple
  3470 | Temple   | Became a worshipper of Vehumet
  3525 | D:4      | Found a blossoming altar of Fedhas.
  3549 | D:4      | Reached skill level 5 in Spellcasting
  4122 | D:5      | Entered Level 5 of the Dungeon
  4182 | D:5      | Reached skill level 5 in Fire Magic
  4285 | D:5      | Noticed a sky beast
  4294 | D:5      | Killed a sky beast
  4294 | D:5      | Reached XP level 6. HP: 32/32 MP: 6/16
  4700 | D:5      | Found a glowing drain.
  4706 | Sewer    | Entered a sewer
  4971 | Sewer    | Reached * piety under Vehumet
  4971 | Sewer    | Offered knowledge of Freeze by Vehumet.
  4972 | Sewer    | Reached skill level 6 in Spellcasting
  5192 | Sewer    | Reached XP level 7. HP: 16/36 MP: 10/18
  6309 | D:6      | Identified Sif Muna's Collected Works on Ashen Toxins
  6318 | D:6      | Learned a level 6 spell: Iron Shot
  6342 | D:6      | Reached skill level 5 in Conjurations
  6539 | D:6      | Reached skill level 1 in Earth Magic
  7211 | D:6      | Reached skill level 7 in Spellcasting
  7574 | D:6      | Reached ** piety under Vehumet
  7659 | D:6      | Reached XP level 8. HP: 41/41 MP: 10/20
  7765 | D:6      | Offered knowledge of Sandblast by Vehumet.
  8079 | D:7      | Noticed Menkaure
  8084 | D:7      | Killed Menkaure
  8749 | D:8      | Reached skill level 8 in Spellcasting
  9159 | D:8      | Offered knowledge of Stone Arrow by Vehumet.
  9164 | D:8      | Learned a level 3 spell: Stone Arrow
  9209 | D:8      | Noticed a slime creature
  9209 | D:8      | Noticed a slime creature
  9211 | D:8      | Noticed a slime creature
  9211 | D:8      | Noticed a slime creature
  9357 | D:8      | Found a basalt altar of Yredelemnul.
  9495 | D:8      | Noticed a hippogriff
  9510 | D:8      | Killed a hippogriff
  9571 | D:8      | Reached XP level 9. HP: 45/45 MP: 13/23
  9592 | D:8      | Reached skill level 9 in Spellcasting
 10094 | D:8      | Found a white marble altar of Elyvilon.
 10190 | D:8      | Noticed a manticore
 10201 | D:8      | Killed a manticore
 10418 | D:8      | Reached *** piety under Vehumet
 10425 | D:8      | Reached skill level 10 in Spellcasting
 10957 | D:9      | Offered knowledge of Fulminant Prism by Vehumet.
 11099 | D:8      | Learned a level 4 spell: Fulminant Prism
 11179 | D:9      | Reached skill level 1 in Hexes
 11205 | D:9      | Reached XP level 10. HP: 50/50 MP: 8/26
 11676 | D:9      | Reached skill level 5 in Earth Magic
 11793 | D:9      | Paralysed by an orc for 7 turns
 11914 | D:9      | Reached **** piety under Vehumet
 12134 | D:9      | Found a shimmering altar of Xom.
 12224 | D:9      | Found a hazy altar of Hepliaklqana.
 12229 | D:9      | Found a sacrificial altar of Ru.
 12229 | D:9      | Found a bloodstained altar of Trog.
 12230 | D:9      | Found a glowing golden altar of the Shining One.
 12233 | D:9      | Found a burning altar of Makhleb.
 12395 | D:9      | Found a staircase to the Lair.
 12463 | D:9      | Found Gemis's Book Boutique.
 12608 | D:10     | Entered Level 10 of the Dungeon
 12775 | D:10     | Reached skill level 11 in Spellcasting
 12776 | D:10     | Offered knowledge of Static Discharge by Vehumet.
 13264 | D:10     | Reached skill level 10 in Fire Magic
 13661 | D:10     | Noticed a cyclops
 13674 | D:10     | Killed a cyclops
 14009 | D:10     | Reached skill level 10 in Conjurations
 14200 | D:11     | Noticed a green ugly thing
 14205 | D:11     | Noticed a cyan ugly thing
 14206 | D:11     | Noticed a brown ugly thing
 14223 | D:10     | Killed a green ugly thing
 14223 | D:10     | Reached XP level 11. HP: 41/55 MP: 1/28
 14596 | D:11     | Noticed a green ugly thing
 14644 | D:11     | Killed a green ugly thing
 14644 | D:11     | Reached skill level 12 in Spellcasting
 14809 | D:11     | Noticed Harold
 14814 | D:11     | Killed Harold
 14814 | D:11     | Reached skill level 1 in Fighting
 14814 | D:11     | Reached skill level 1 in Shields
 14831 | D:11     | Noticed a two-headed ogre
 14835 | D:11     | Killed a two-headed ogre
 14977 | D:11     | Found a staircase to the Orcish Mines.
 15276 | D:11     | Reached ***** piety under Vehumet
 15384 | D:11     | Offered knowledge of Olgreb's Toxic Radiance by Vehumet.
 15390 | D:11     | Learned a level 4 spell: Olgreb's Toxic Radiance
 15446 | D:11     | Got a glimmering war axe
 15447 | D:11     | Identified the cursed +1 war axe "Qismit" {vorpal, Str+2
                  | Dex+5 Stlth-} (You found it on level 11 of the Dungeon)
 15563 | D:11     | Noticed a green ugly thing
 15568 | D:11     | Noticed Grum
 15583 | D:11     | Killed a green ugly thing
 15583 | D:11     | Reached skill level 1 in Poison Magic
 15587 | D:11     | Killed Grum
 15587 | D:11     | Reached skill level 5 in Dodging
 15874 | D:11     | Got a scorched rapier
 15890 | D:11     | Identified the cursed +0 rapier "Killer Klown's Peril"
                  | {flame, rElec rN+ MR+++ Int-2} (You found it on level 11 of
                  | the Dungeon)
 15939 | D:11     | Noticed Psyche
 15948 | D:11     | Killed a brown ugly thing
 15952 | D:11     | Killed Psyche
 15961 | D:11     | Killed a cyan ugly thing
 16225 | D:11     | Noticed a two-headed ogre
 16231 | D:11     | Killed a two-headed ogre
 16652 | D:11     | You fall into a shaft and drop 2 floors!
 16658 | D:13     | Noticed Josephine
 16665 | D:12     | Noticed a four-headed hydra
 16670 | D:12     | Killed a four-headed hydra
 16914 | D:12     | Noticed a two-headed ogre
 16924 | D:12     | Killed a two-headed ogre
 16924 | D:12     | Reached XP level 12. HP: 30/66 MP: 17/30
 18237 | Lair:1   | Entered Level 1 of the Lair of Beasts
 19461 | Lair:2   | Noticed a seven-headed hydra
 19731 | Lair:2   | Got a smoking quarterstaff
 19733 | Lair:2   | Identified the +7 quarterstaff "Hemecw" {flame, MP+9} (You
                  | found it on level 2 of the Lair of Beasts)
 19754 | Lair:2   | Killed a seven-headed hydra
 19754 | Lair:2   | Reached skill level 5 in Fighting
 19754 | Lair:2   | Reached skill level 5 in Shields
 20034 | Lair:2   | Found a staircase to the Shoals.
 20543 | Lair:2   | Found a hole to the Spider Nest.
 21018 | Lair:3   | Found a frozen archway.
 21020 | Lair:3   | Offered knowledge of Conjure Ball Lightning by Vehumet.
 21163 | IceCv    | Entered an ice cave
 21230 | IceCv    | Reached skill level 10 in Dodging
 22157 | IceCv    | Reached XP level 13. HP: 78/78 MP: 7/31
 22463 | IceCv    | Noticed a frost giant
 22697 | IceCv    | Killed a frost giant
 22697 | IceCv    | Reached skill level 1 in Armour
 22697 | IceCv    | Reached skill level 1 in Evocations
 23337 | Lair:3   | You fall into a shaft and drop 3 floors!
 23337 | Lair:6   | Entered Level 6 of the Lair of Beasts
 23633 | Lair:5   | Killed from afar by a catoblepas

Illustrated notes

Levels and vault maps discovered:
D:1:      wander_arrival_chamber, layout_basic
D:2:      layout_loops_ring, uniq_terence
D:3:      layout_basic, serial_glass, glass_columns_b, glass_columns_b,
          fountainhead, minmay_misc_feat_hallway
D:4:      layout_gridville, minmay_temple_entry_glass,
          corexii_item_surrounded_by_moat, fedhas_altar_1
D:5:      layout_basic, gup_sewer_entry_bubbles
D:6:      layout_loops_ring
D:7:      layout_rooms, uniq_crazy_yiuf_cottage, uniq_menkaure
D:8:      layout_basic, kennysheep_ying_yang
D:9:      layout_basic, minitemple, grunt_lair_entry_orc_guard_hut,
          serial_shops, shop, brannock_xom_greatest_gift
D:10:     layout_roguey
D:11:     layout_stronghold, kennysheep_orc_monster_closet_entryway,
          uniq_harold, uniq_grum, uniq_psyche
D:12:     layout_stronghold
D:13:     layout_cross, erik_vaults_1, uniq_azrael, uniq_josephine, uniq_jorgrun
Temple:   regret_index_temple_generic_petals
Lair:1:   layout_regular_city, beast_lair_carwin_6, grunt_megastairs_2,
          lemuel_fruit_tree
Lair:2:   layout_cave_pods, minmay_shoals_entry_beasts, dummy_spider_entry
Lair:3:   layout_loops_ring, portal_ice_cave_entry_ice_beasts,
          serial_bayou_shore_a, uniq_sonja
Lair:5:   layout_gridlike, nicolae_slime_entry_slimehenge
Lair:6:   cheibrodos_lair_end_hotspot, layout_long_grid, lookout_lair_type,
          infiniplex_staircase_pool

Skill      XL: |  1  2  3  4  5  6  7  8  9 10 11 12 13 |
---------------+----------------------------------------+-----
Conjurations   | 2 3 4 5 7 8 10 | 10.0
Spellcasting   | 4 5 6 7 8 10 11 12 | 12.0
Fire Magic     | 4 5 6 7 9 10 | 10.0
Earth Magic    | 2 4 6 8 |  8.0
Hexes          | 1 4 |  4.0
Dodging        | 6 10 | 10.0
Fighting       | 4 7 8 |  8.4
Shields        | 4 5 |  5.0
Poison Magic   | 3 |  3.2
Armour         | 2 |  2.2
Evocations     | 3 |  3.0
Stealth        | |  2.4

Action                   |  1- 3 |  4- 6 |  7- 9 | 10-12 | 13-15 || total
-------------------------+-------+-------+-------+-------+-------++-------
Melee: Short sword       |       |    13 |       |       |       ||    13
       Dagger            |       |    23 |    25 |    29 |       ||    77
       Rapier            |       |     9 |    22 |    34 |     7 ||    72
Throw: Stone             |       |       |       |       |     1 ||     1
 Cast: Foxfire           |    81 |   174 |    97 |     8 |     1 ||   361
       Sticky Flame      |       |     4 |    33 |    64 |    14 ||   115
       Fireball          |       |     1 |    22 |    54 |     6 ||    83
       Stone Arrow       |       |       |    41 |   289 |    17 ||   347
       Fulminant Prism   |       |       |       |     5 |     1 ||     6
       Iron Shot         |       |       |       |     7 |    10 ||    17
       Olgreb's Toxic Ra |       |       |       |     1 |       ||     1
  Use: Scroll            |       |     3 |    11 |    10 |     2 ||    26
       Potion            |       |       |       |     3 |     1 ||     4
 Stab: Sleeping          |       |       |     2 |     1 |       ||     3
Armor: Robe              |       |    15 |    18 |    28 |     4 ||    65
Dodge: Dodged            |     4 |    64 |    42 |    84 |    27 ||   221
Block: Other             |       |       |    15 |    18 |       ||    33
       Reflection        |       |       |     2 |     7 |       ||     9
       Buckler           |       |       |       |    47 |    13 ||    60

Table legend: (Time is in decaauts)
 A = Elapsed time spent in this place.
 B = Non-inter-level travel time spent in this place.
 C = Inter-level travel time spent in this place.
 D = Time resting spent in this place.
 E = Time spent auto-exploring this place.
 F = Levels seen in this place.
 G = Mean time per level.
                   A        B        C        D        E       F      G
               +--------+--------+--------+--------+--------+-----+--------+
         Total |  23671 |  22792 |    879 |   6360 |  13339 |  21 | 1127.2 |
       Dungeon |  17061 |  16275 |    786 |   4377 |   9670 |  13 | 1312.4 |
        Temple |    123 |     76 |     47 |      0 |     74 |   1 |  123.0 |
          Lair |   3353 |   3308 |     45 |    799 |   2132 |   5 |  670.6 |
         Sewer |   1079 |   1079 |      0 |    116 |    795 |   1 | 1079.0 |
      Ice Cave |   2052 |   2052 |      0 |   1068 |    668 |   1 | 2052.0 |
               +--------+--------+--------+--------+--------+-----+--------+

Top non-repeatable levels by time:
    D:10: 2137 daAuts
     D:8: 2084 daAuts
   IceCv: 2052 daAuts
    D:11: 1978 daAuts
     D:6: 1833 daAuts
     D:9: 1719 daAuts
  Lair:2: 1574 daAuts
     D:2: 1500 daAuts
    D:12: 1462 daAuts
  Lair:1: 1210 daAuts
     D:1: 1135 daAuts
     D:5: 1084 daAuts
   Sewer: 1079 daAuts
     D:7: 752 daAuts
     D:3: 681 daAuts
